 Dungeon Crawl Stone Soup version 0.32-a0-871-ge202e49faa (webtiles) character file.

Game seed: 17157067067147123413

43 kae the Slasher (level 3, -1/27 HPs)
             Began as a Coglin Gladiator on Mar 29, 2024.
             Slain by a gnoll
             ... wielding a +0 club
              (3 damage)
             ... on level 2 of the Dungeon.
             The game lasted 00:00:40 (858 turns).

kae the Slasher (Coglin Gladiator)                   Turns: 858, Time: 00:00:40

Health: -1/27      AC:  5    Str: 14    XL:     3   Next: 58%
Magic:  3/3        EV: 11    Int:  7    God:
Gold:   70         SH:  0    Dex: 17    Spells: 2/2 levels left

rFire   . . .        a - +0 long sword {Ilshubani}
rCold   . . .        f - +0 dagger {Iseul}
rNeg    . . .        b - +0 leather armour
rPois   .            c - +0 helmet
rElec   .            (no cloak)
rCorr   .            j - +0 pair of gloves
SInv    .            (no boots)
Will    .....        (amulet unavailable)
Stlth   +            (ring unavailable)
HPRegen 0.24/turn    (ring unavailable)
MPRegen 0.08/turn    (no gizmo)

%: no passive effects
@: revved
A: off-hand wielding, slow wielding, warmup strikes, no jewellery
a: Invent Gizmo


You were on level 2 of the Dungeon.
You visited 1 branch of the dungeon, and saw 2 of its levels.

You collected 70 gold pieces.


Innate Abilities, Weirdness & Mutations

You can wield a second weapon in your off-hand.
It takes a long time for you to wield or remove held weapons.
Your first few attacks do less damage.
You cannot equip rings or amulets.


   Skills:
 - Level 2.0 Fighting
 + Level 4.5 Long Blades
 - Level 1.7 Throwing
 - Level 2.6 Dodging


You had 2 spell levels left.
You didn't know any spells.
Your spell library contained the following spells:

 Spells                   Type           Power      Damage    Failure   Level
 Hailstorm                Conj/Ice       0%         3d5       87%         3
 Summon Ice Beast         Ice/Summ       0%         N/A       87%         3
 Permafrost Eruption      Ice/Erth       0%         2x4d2     100%        6
 Sculpt Simulacrum        Ice/Alch       0%         N/A       100%        6

Inventory:

Hand Weapons
 a - a +0 long sword (weapon) {Ilshubani}
 f - a +0 dagger (offhand) {Iseul}
Missiles
 d - 3 throwing nets (quivered) {=f!f}
 e - a javelin
 i - 5 stones
Armour
 b - a +0 leather armour (worn)
 c - a +0 helmet (worn)
 j - a +0 pair of gloves (worn)
   (You found it on level 1 of the Dungeon)
Scrolls
 h - a scroll of identify {@r1}
Potions
 g - a potion of resistance

Dungeon Overview and Level Annotations

Branches:
Dungeon (2/15) Zot: 11127

Altars:

Shops:
D:1

[ #....####
##........
####....#
#.<..#..#
#.####..###
#. #....#
.. #.##.##
..# #.##..#
... #.###@#
#... #.#
#g# #...
#.# #g# #.
#.# #. ...
.#. . . #.
..


You could see 2 gnolls.


Message History

No target in view!
No target in view!
No target in view! 😎 HP[+1]
Your hp is fully restored (27).
You see here a +0 pair of gloves.
j - a +0 pair of gloves You start putting on your armour.
You continue putting on your +0 pair of gloves. x4
You finish putting on your +0 pair of gloves.
You open the door.
Done exploring.
No target in view!
No target in view!
Done exploring.
No target in view!
No target in view!
No target in view!
No target in view!
Done exploring.
There is a stone staircase leading down here.
You climb downwards.
There is a stone staircase leading up here.
A rat is nearby!
Okay, then.
The rat squeaks loudly.
You barely miss the rat with your +0 dagger.
You hit the rat but do no damage. The rat closely misses you.
A rat is nearby!
You hit the rat with your +0 long sword.
You kill the rat!
No target in view!
A gnoll comes into view.
It is wielding a +0 flail and quivering 2 throwing nets.
A gnoll is nearby!
The gnoll barely misses you.
You hit the gnoll with your +0 dagger.
You barely miss the gnoll with your +0 long sword.
The gnoll closely misses you.
A gnoll is nearby!
You barely miss the gnoll with your +0 long sword.
You hit the gnoll with your +0 dagger. The gnoll hits you with a +0 flail.
You completely miss the gnoll with your +0 long sword.
You hit the gnoll but do no damage.
The gnoll hits you with a +0 flail! 😮 HP[-10]
You take 10 damage, and now have 17/27 hp.
MASSIVE DAMAGE!! (PAUSE)
You closely miss the gnoll with your +0 long sword.
You hit the gnoll with your +0 dagger. The gnoll hits you with a +0 flail.
* * * LOW HITPOINT WARNING * * *
A gnoll comes into view. It is wielding a +0 club. 😨 HP[-5]
You take 5 damage, and now have 12/27 hp.
The gnoll shouts!
You hit the gnoll but do no damage. x2; The gnoll closely misses you.
Unknown command.
You hit the gnoll with your +0 dagger. You hit the gnoll but do no damage.
The gnoll misses you. 😨 HP[+1] Unknown command.
You hit the gnoll but do no damage.
You closely miss the gnoll with your +0 long sword.
The gnoll barely misses you.
You hit the gnoll but do no damage. x2; The gnoll hits you with a +0 flail.
* * * LOW HITPOINT WARNING * * *
😨 HP[-1]
You take 1 damage, and now have 12/27 hp.
Unknown command.
You hit the gnoll but do no damage.
You closely miss the gnoll with your +0 long sword.
The gnoll barely misses you.
Unknown command.
You barely miss the gnoll with your +0 dagger.
You barely miss the gnoll with your +0 long sword.
The gnoll hits you with a +0 flail.
* * * LOW HITPOINT WARNING * * *
A gnoll comes into view.
It is wielding a +0 halberd and quivering a throwing net. 😨 HP[-2]
You take 2 damage, and now have 10/27 hp.
Okay, then.
Okay, then.
You aren't carrying any items that you can evoke.
Unknown command.
You hit the gnoll but do no damage.
You closely miss the gnoll with your +0 long sword.
The gnoll hits you with a +0 flail!
* * * LOW HITPOINT WARNING * * *
😱 HP[-9]
You take 9 damage, and now have 1/27 hp.
MASSIVE DAMAGE!! (PAUSE)
You hit the gnoll but do no damage.
You barely miss the gnoll with your +0 long sword.
The gnoll hits you but does no damage.
Unknown command.
You hit the gnoll with your +0 long sword.
You hit the gnoll with your +0 dagger.
You kill the gnoll!
Unknown command.
You closely miss the gnoll with your +0 long sword.
You hit the gnoll but do no damage. The gnoll hits you with a +0 club.
You die...

Skill      XL: |  1  2 |
---------------+-------+-----
Long Blades    | 4 |  4.5
Fighting       | |  2.0
Throwing       | |  1.7
Dodging        | |  2.6

Action                     || total
---------------------------++-------
  Melee: Long sword        ||    58
         Dagger            ||    45
    Use: Scroll            ||     1
 Armour: Leather armour    ||    30
  Dodge: Dodged            ||    28

Levels and vault maps discovered:
D:1:      ncdulo_wetmaze, layout_loops_ring, serial_shops, shop,
          corexii_corridor_pit, minmay_tromino_mix6
D:2:      layout_rooms, serial_shops, nicolae_shop_tiny_glass,
          cheibrodos_gnoll_hut

Notes
Turn   | Place    | Note
-------+----------+-------------------------------------------
     0 | D:1      | kae the Coglin Gladiator began the quest for the Orb.
     0 | D:1      | Reached XP level 1. HP: 16/16 MP: 1/1
     0 | D:1      | magus.rc [v1.11.3]
    43 | D:1      | Found Pemem's Armour Emporium.
    70 | D:1      | Reached XP level 2. HP: 10/22 MP: 2/2
   227 | D:1      | Reached skill level 4 in Long Blades
   351 | D:1      | Reached XP level 3. HP: 27/27 MP: 3/3
   521 | D:1      | You pick up a book of the Tundra and begin reading...
   521 | D:1      | You add the spells Hailstorm, Summon Ice Beast, Permafrost
                  | Eruption and Sculpt Simulacrum to your library.
   855 | D:2      | HP: 1/27 [gnoll/+0 flail (9)]
   858 | D:2      | Slain by a gnoll

Vanquished Creatures
  A gnoll (D:2)
  6 endoplasms (D:1)
  A giant cockroach (D:1)
  4 goblins (D:1)
  2 hobgoblins (D:1)
  3 jackals (D:1)
  A kobold (D:1)
  4 quokkas (D:1)
  A ball python (D:1)
  A frilled lizard (D:1)
  4 rats
28 creatures vanquished.

Table legend:
 A = Non-vault XP
 B = Vault XP
 C = Vault XP percentage of total XP
 D = Non-vault monster count
 E = Vault monster count
 F = Vault count percentage of total count
                 A         B        C        D         E       F
            +---------+---------+-------+---------+---------+-------
      Total |      58 |       4 |   6.5 |      25 |       3 |  10.7
            +---------+---------+-------+---------+---------+-------
        D:1 |      43 |       4 |   8.5 |      23 |       3 |  11.5
        D:2 |      15 |       0 |   0.0 |       2 |       0 |   0.0
            +---------+---------+-------+---------+---------+-------

Skill      XL: |  1  2 |
---------------+-------+-----
Long Blades    | 4 |  4.5
Fighting       | |  2.0
Throwing       | |  1.7
Dodging        | |  2.6

Action                     || total
---------------------------++-------
  Melee: Long sword        ||    58
         Dagger            ||    45
    Use: Scroll            ||     1
 Armour: Leather armour    ||    30
  Dodge: Dodged            ||    28

Illustrated notes

Table legend:
 A = Kills in this place as a percentage of kills in the entire game.
 B = Kills by you in this place as a percentage of kills by you in the entire game.
 C = Kills by friends in this place as a percentage of kills by friends in the entire game.
 D = Other kills in this place as a percentage of other kills in the entire game.
 E = Experience gained in this place as a percentage of experience gained in the entire game.
 F = Experience gained in this place divided by the number of levels of this place that you have seen.
                   A       B       C       D       E      F
               +-------+-------+-------+-------+-------+----------------------
         Total | 100.0 | 100.0 |   N/A |   N/A | 100.0 |  31.0
       Dungeon | 100.0 | 100.0 |   N/A |   N/A | 100.0 |  31.0
               +-------+-------+-------+-------+-------+----------------------

Table legend: (Time is in decaauts)
 A = Elapsed time spent in this place.
 B = Non-inter-level travel time spent in this place.
 C = Inter-level travel time spent in this place.
 D = Time resting spent in this place.
 E = Time spent auto-exploring this place.
 F = Levels seen in this place.
 G = Mean time per level.
                   A        B        C        D        E       F      G
               +--------+--------+--------+--------+--------+-----+--------+
         Total |    871 |    853 |     18 |     19 |    681 |   2 |  435.5 |
       Dungeon |    871 |    853 |     18 |     19 |    681 |   2 |  435.5 |
               +--------+--------+--------+--------+--------+-----+--------+

Top non-repeatable levels by time:
     D:1: 844 daAuts
     D:2: 27 daAuts
